 Dungeon Sprint DCSS version 0.31-a0-868-g674d60d6f7 (webtiles) character file.

Game seed: 9167131219991949099

420 rocky1 the Martial Artist (level 7, 0/49 HPs)
             Began as a Djinni Shapeshifter on Oct 12, 2023.
             Was an Initiate of Gozag.
             Slain by a fire elemental (4 damage)
             ... summoned by a deep elf pyromancer
             ... in the Dungeon (Sprint III: "The Ten Rune Challenge").
             The game lasted 00:02:55 (1030 turns).

rocky1 the Martial Artist (Djinni Shapeshifter)     Turns: 1030, Time: 00:02:56

Health: 0/49       AC:  2    Str: 13    XL:     7   Next: 16%
Gold:   228        EV: 14    Int: 11    God:    Gozag SH:  0 Dex: 15

rFire   + +          .
                       - Unarmed
rCold   x . .        (no shield)
rNeg    . . .        a - +0 animal skin
rPois   ∞            (helmet currently unavailable)
rElec   .            (cloak currently unavailable)
rCorr   .            (gloves currently unavailable)
SInv    .            (boots unavailable)
Will    .....        (no amulet)
Stlth   ++           (no ring)
HPRegen 0.28/turn    (no ring)
MPRegen 0.00/turn

%: no teleportation, infuse magic (-1 HP)
@: beast-form, flying
A: beast (slay +4), flying, sickness immunity, fire resistance 2, cold
vulnerability 1, float, innate caster, HP casting, extra vitality 1
a: Begin Untransformation, Renounce Religion, Potion Petition, Call Merchant,
Bribe Branch


You were in the Dungeon.
You worshipped Gozag.
Gozag was aware of your devotion.
You were a hulking beast.
You visited 1 branch You collected 228 gold pieces.

Inventory:

Hand Weapons
 j - a +0 sling
Armour
 a - a +0 animal skin (worn)
Talismans
 c - a beast talisman (active)
 d - a flux talisman
Wands
 h - a wand of flame (22) (quivered)
Scrolls
 i - a scroll of blinking
 l - 2 scrolls of poison {unknown}
 o - a scroll of revelation {unknown}
Potions
 b - a potion of lignification
 e - a potion of curing
 g - a potion of haste
 k - 3 potions of mutation
 n - 2 potions of enlightenment
Miscellaneous
 f - a lightning rod (4/4)


   Skills:
 + Level 2.9 Fighting
 + Level 5.2 Dodging
 + Level 2.5 Stealth
 + Level 9.7 Unarmed Combat
 - Level 2.6 Spellcasting
 - Level 2.6 Conjurations
 - Level 2.6 Hexes
 - Level 2.6 Summonings
 - Level 2.6 Necromancy
 - Level 2.6 Translocations
 - Level 2.6 Transmutations
 - Level 2.6 Fire Magic
 - Level 2.6 Ice Magic
 - Level 2.6 Air Magic
 - Level 2.6 Earth Magic
 - Level 2.6 Poison Magic
 * Level 2.7 Evocations
 + Level 7.0 Shapeshifting


You knew the following spells:

 Your Spells              Type           Power      Damage    Failure   Level
a - Magic Dart            Conj           28%        1d4       10%         1
b - Ensorcelled Hibernat  Hex/Ice        14%        N/A       14%         2
c - Inner Flame           Hex/Fire       7%         N/A       28%         3
Your spell library was empty.

Dungeon Overview and Level Annotations

Branches:
Dungeon (1/1)

Altars:
Cheibriados
Dithmenos
Elyvilon
Fedhas
Gozag
Hepliaklqana
Makhleb
Nemelex Xobeh
Qazlal
Ru
Xom
Yredelemnul
Zin
The Shining One
Jiyva
Lugonu


Innate Abilities, Weirdness & Mutations

You are a hulking beast.
Your limbs bulge with bestial killing power. (Slay +4)
You are flying.
You are immune to sickness and miasma.
You are immune to poison.
Your flesh is very heat resistant. (rF++)
You are vulnerable to cold. (rC-)
You float through the air rather than walking.
You learn spells naturally, not from books.
Your magical power is your life essence.
You have superior vitality. (+4 MHP)


Message History

You hit the deep elf pyromancer.
The deep elf pyromancer is lightly wounded.
You hit the deep elf pyromancer.
The deep elf pyromancer is moderately wounded.
The deep elf pyromancer hits you with a +1 long sword of holy wrath!
You barely miss the deep elf pyromancer.
The deep elf pyromancer is moderately wounded.
The deep elf pyromancer hits you with a +1 long sword of holy wrath.
You closely miss the deep elf pyromancer.
The deep elf pyromancer is moderately wounded.
The deep elf pyromancer hits you with a +1 long sword of holy wrath!
You closely miss the deep elf pyromancer.
The deep elf pyromancer is lightly wounded.
The deep elf pyromancer hits you with a +1 long sword of holy wrath.
You closely miss the deep elf pyromancer.
The deep elf pyromancer is lightly wounded.
You closely miss the deep elf pyromancer.
The deep elf pyromancer is lightly wounded.
The deep elf pyromancer casts a spell.
You closely miss the deep elf pyromancer.
The deep elf pyromancer is lightly wounded.
The deep elf pyromancer gestures at you while chanting.
The bolt of fire hits you! You resist.
The bolt of fire hits the fire elemental.
The fire elemental completely resists.
The fire elemental barely misses you.
You closely miss the deep elf pyromancer.
The deep elf pyromancer is lightly wounded.
The fire elemental misses you.
The deep elf pyromancer hits you with a +1 long sword of holy wrath!
* * * LOW HITPOINT WARNING * * *
You barely miss the deep elf pyromancer.
The deep elf pyromancer is lightly wounded.
The fire elemental closely misses you.
The deep elf pyromancer hits you with a +1 long sword of holy wrath!
* * * LOW HITPOINT WARNING * * *
You punch the deep elf pyromancer!
The deep elf pyromancer is heavily wounded.
The fire elemental hits you. The fire elemental burns you! You resist.
You die...
Your body crumbles into a pile of gold.

▓▓▓▓▓ ▓▓▓ #...####
##.##### ####
#......#####..#___# #__#
#.......#..#..#ehE# #._#
##.##...#..#..###'#+###)##
##.###..##'#..#..........#
###.##..###...'.⌠........#
#..##.)####...#...######'#
...##..###....#.⌠.#__#...#
†.##...##.....#...#__#...#
.##....#......#'###v_#...#
###..##.#.....#.):#__#...+


You could see a deep elf pyromancer and a fire elemental (summoned).

Vanquished Creatures
  A shadow (D)
  A necrophage (D)
  A water elemental (D)
  A jelly (D)
  Jessica (D)
  A wizard (D)
  A necromancer (D)
  A human (D)
  A kobold demonologist (D)
  A phantom (D)
  An endoplasm (D)
  2 rats (D)
13 creatures vanquished.

Notes
Turn   | Place    | Note
-------+----------+-------------------------------------------
     0 | D        | rocky1 the Djinni Shapeshifter began the quest for the Orb.
     0 | D        | Reached XP level 1. HP: 17/17 MP: 0/0
   109 | D        | Noticed Jessica
   113 | D        | Killed Jessica
   114 | D        | Reached skill level 4 in Unarmed Combat
   114 | D        | Reached XP level 2. HP: 22/22 MP: 0/0
   114 | D        | Reached XP level 3. HP: 27/27 MP: 0/0
   114 | D        | Learned a level 1 spell: Magic Dart
   309 | D        | Reached skill level 5 in Unarmed Combat
   362 | D        | Reached XP level 4. HP: 26/32 MP: 0/0
   388 | D        | Noticed a water elemental
   393 | D        | Killed a water elemental
   394 | D        | Reached skill level 1 in Stealth
   394 | D        | Reached skill level 6 in Unarmed Combat
   394 | D        | Reached skill level 1 in Spellcasting
   394 | D        | Reached skill level 1 in Conjurations
   394 | D        | Reached skill level 1 in Hexes
   394 | D        | Reached skill level 1 in Summonings
   394 | D        | Reached skill level 1 in Necromancy
   394 | D        | Reached skill level 1 in Translocations
   394 | D        | Reached skill level 1 in Transmutations
   394 | D        | Reached skill level 1 in Fire Magic
   394 | D        | Reached skill level 1 in Ice Magic
   394 | D        | Reached skill level 1 in Air Magic
   394 | D        | Reached skill level 1 in Earth Magic
   394 | D        | Reached skill level 1 in Poison Magic
   394 | D        | Reached skill level 5 in Shapeshifting
   394 | D        | Reached XP level 5. HP: 38/38 MP: 0/0
   394 | D        | Learned a level 2 spell: Ensorcelled Hibernation
   458 | D        | Reached skill level 7 in Unarmed Combat
   490 | D        | Noticed a shadow
   500 | D        | Killed a shadow
   501 | D        | Reached skill level 8 in Unarmed Combat
   501 | D        | Reached XP level 6. HP: 45/45 MP: 0/0
   764 | D        | Found a blossoming altar of Fedhas.
   764 | D        | Found a stormy altar of Qazlal.
   764 | D        | Found a snail-covered altar of Cheibriados.
   764 | D        | Found a burning altar of Makhleb.
   764 | D        | Found a shimmering altar of Xom.
   765 | D        | Found a hazy altar of Hepliaklqana.
   765 | D        | Found an opulent altar of Gozag.
   765 | D        | Found a sparkling altar of Nemelex Xobeh.
   765 | D        | Found a corrupted altar of Lugonu.
   765 | D        | Found a viscous altar of Jiyva.
   765 | D        | Noticed a spatial vortex
   769 | D        | Became a worshipper of Gozag Ym Sagoz the Greedy
   860 | D        | Found a basalt altar of Yredelemnul.
   860 | D        | Found a shadowy altar of Dithmenos.
   860 | D        | Found a sacrificial altar of Ru.
   862 | D        | Reached skill level 9 in Unarmed Combat
   862 | D        | Reached skill level 1 in Evocations
   865 | D        | Reached skill level 5 in Dodging
   865 | D        | Reached XP level 7. HP: 49/49 MP: 0/0
   865 | D        | Learned a level 3 spell: Inner Flame
   989 | D        | Noticed a rust devil
   991 | D        | Noticed a hellwing
  1017 | D        | Found a glowing silver altar of Zin.
  1017 | D        | Found a glowing golden altar of the Shining One.
  1017 | D        | Found a white marble altar of Elyvilon.
  1018 | D        | Noticed a deep elf pyromancer
  1027 | D        | Noticed a fire elemental
  1030 | D        | Slain by a fire elemental

Illustrated notes

Levels and vault maps discovered:
D:        dungeon_sprint_mu [sprint_mu_entry_cave, sprint_mu_temple_rooms,
          sprint_mu_d1_spiders, sprint_mu_d2_genie, sprint_mu_d3_branching,
          sprint_mu_orc_legion, sprint_mu_elf_gauntlet, sprint_mu_hive_nellie,
          sprint_mu_lair_fedhas, sprint_mu_vaults_butterflies,
          sprint_mu_slime_circle, sprint_mu_swamp_cave, sprint_mu_shoals_kraken,
          sprint_mu_blade_basic, sprint_mu_crypt_chambers,
          sprint_mu_tomb_spiral, sprint_mu_vestibule_basic,
          sprint_mu_gehenna_hellfire, sprint_mu_dis_giant,
          sprint_mu_tartarus_statrot, sprint_mu_cocytus_islands, sprint_mu_zot1]

Skill      XL: |  1  2  3  4  5  6  7 |
---------------+----------------------+-----
Shapeshifting  | 4 5 6 7 |  7.0
Unarmed Combat | 4 5 6 8 9 |  9.7
Dodging        | 3 4 5 |  5.2
Stealth        | 1 2 |  2.5
Spellcasting   | 1 2 |  2.6
Conjurations   | 1 2 |  2.6
Hexes          | 1 2 |  2.6
Summonings     | 1 2 |  2.6
Necromancy     | 1 2 |  2.6
Translocations | 1 2 |  2.6
Transmutations | 1 2 |  2.6
Fire Magic     | 1 2 |  2.6
Ice Magic      | 1 2 |  2.6
Air Magic      | 1 2 |  2.6
Earth Magic    | 1 2 |  2.6
Poison Magic   | 1 2 |  2.6
Fighting       | 2 |  2.9
Evocations     | 2 |  2.7

Action                     |  1- 3 |  4- 6 |  7- 9 || total
---------------------------+-------+-------+-------++-------
  Melee: Unarmed           |    32 |    19 |    18 ||    69
         Punch             |     1 |     2 |     1 ||     4
   Cast: Magic Dart        |     4 |     5 |       ||     9
    Use: Scroll            |       |     2 |       ||     2
         Potion            |       |     3 |       ||     3
   Stab: Sleeping          |     1 |       |     1 ||     2
 Armour: Animal skin       |    14 |     4 |    10 ||    28
         Skin              |       |     3 |       ||     3
  Dodge: Dodged            |    11 |     8 |     8 ||    27

Table legend: (Time is in decaauts)
 A = Elapsed time spent in this place.
 B = Non-inter-level travel time spent in this place.
 C = Inter-level travel time spent in this place.
 D = Time resting spent in this place.
 E = Time spent auto-exploring this place.
 F = Levels seen in this place.
 G = Mean time per level.
                   A        B        C        D        E       F      G
               +--------+--------+--------+--------+--------+-----+--------+
         Total |   1034 |   1034 |      0 |    789 |     13 |   1 | 1034.0 |
       Dungeon |   1034 |   1034 |      0 |    789 |     13 |   1 | 1034.0 |
               +--------+--------+--------+--------+--------+-----+--------+

Top non-repeatable levels by time:
       D: 1034 daAuts
